[ AOE2 MATCH · #479253509 ]
UnrankedPersians vs Saracens
[ REPLAY ANALYSIS · EXTRACTED FROM THE RECORDED GAME ]
Feudal
10:48
Castle
14:16
Imperial
32:15
| APM avg | 20.5 |
| APM peak | 77 |
| eAPM avg | 13.0 |
| Villagers / military | 111 / 116 |
Focus
⚔️ 24.8% · 🌾 75.2%
Knight ×99 · Camel Scout ×15 · Monk ×2
Feudal
9:17
Castle
21:10
Imperial
35:38
| APM avg | 59.2 |
| APM peak | 109 |
| eAPM avg | 20.6 |
| Villagers / military | 115 / 135 |
Focus
⚔️ 40.1% · 🌾 59.9%
Skirmisher ×69 · Archer ×64 · Bombard Cannon ×2
Feudal
10:31
Castle
20:54
Imperial
33:23
| APM avg | 36.9 |
| APM peak | 70 |
| eAPM avg | 22.1 |
| Villagers / military | 130 / 95 |
Focus
⚔️ 27.6% · 🌾 72.4%
Archer ×58 · Genoese Crossbowman ×17 · Spearman ×15 · Monk ×2 · Battering Ram ×2 · Mangonel ×1
Feudal
11:21
Castle
14:53
Imperial
34:24
| APM avg | 48.7 |
| APM peak | 96 |
| eAPM avg | 23.6 |
| Villagers / military | 143 / 156 |
Focus
⚔️ 43.9% · 🌾 56.1%
Knight ×106 · Conquistador ×35 · Battering Ram ×8 · Monk ×3 · Trebuchet (Packed) ×3 · Scout Cavalry ×1
Feudal
11:31
Castle
15:26
Imperial
27:05
| APM avg | 49.3 |
| APM peak | 92 |
| eAPM avg | 26.0 |
| Villagers / military | 157 / 114 |
Focus
⚔️ 33.7% · 🌾 66.3%
Cavalry Archer ×78 · Camel Scout ×24 · Steppe Lancer ×4 · Petard ×3 · Trebuchet (Packed) ×2 · Knight ×1
Feudal
8:26
Castle
17:05
Imperial
32:49
| APM avg | 38.6 |
| APM peak | 73 |
| eAPM avg | 25.1 |
| Villagers / military | 120 / 149 |
Focus
⚔️ 28.3% · 🌾 71.7%
Archer ×99 · Skirmisher ×40 · Spearman ×5 · Bombard Cannon ×5
Match map
Initial resources + every placement click. Lines = walls · curves = elevation contours. ◆ gold · ⬟ stone · ● berries · ✦ relic · ◌ wall gap
Your base· ✓ Closed at 14:16 · 0t walls · 2 gate(s)
Mandrake's base· ✓ Closed at 21:10 · 8t walls · 3 gate(s)
Scol1ng's base· ✓ Closed at 20:54 · 82t walls · 2 gate(s)
MLT | Anna Flank's base· ✓ Closed at 14:53 · 0t walls · 2 gate(s)
Melo's base· ✓ Closed at 15:26 · 33t walls · 2 gate(s)
IchbinGroo7's base· ✓ Closed at 17:05 · 21t walls · 2 gate(s)
Smoothed initial terrain · ◌ = detected wall gap · hover for details
Inputs per minute
— SvenVonE ツ - - Mandrake
Build order — SvenVonE ツ
First 150 of 316 actions detected
| 0:00 | Create | Villager (Male) |
| 0:01 | Create | Villager (Male) |
| 0:01 | Create | Villager (Male) |
| 0:01 | Create | Villager (Male) |
| 0:02 | Create | Villager (Male) |
| 0:03 | Build | House |
| 0:04 | Build | House |
| 1:23 | Create | Villager (Male) |
| 2:08 | Create | Villager (Male) |
| 2:30 | Create | Villager (Male) |
| 2:37 | Build | Lumber Camp |
| 2:58 | Create | Villager (Male) |
| 3:08 | Build | House |
| 3:10 | Build | House |
| 3:20 | Create | Villager (Male) |
| 3:53 | Create | Villager (Male) |
| 3:53 | Create | Villager (Male) |
| 4:17 | Create | Villager (Male) |
| 4:26 | Build | Mill |
| 4:35 | Create | Villager (Male) |
| 5:11 | Create | Villager (Male) |
| 5:23 | Create | Villager (Male) |
| 5:52 | Build | Farm |
| 5:54 | Build | Farm |
| 6:06 | Create | Villager (Male) |
| 6:07 | Create | Villager (Male) |
| 6:45 | Build | Farm |
| 6:56 | Build | Farm |
| 6:59 | Create | Villager (Male) |
| 7:05 | Build | House |
| 7:06 | Build | House |
| 7:14 | Create | Villager (Male) |
| 7:34 | Create | Villager (Male) |
| 7:46 | Build | Mining Camp |
| 8:01 | Create | Villager (Male) |
| 8:33 | Research | Feudal Age |
| 9:02 | Build | Barracks |
| 10:08 | Create | Villager (Male) |
| 10:08 | Create | Villager (Male) |
| 10:48 | Age | Feudal Age |
| 10:50 | Build | Market |
| 11:05 | Build | Stable |
| 11:50 | Research | Castle Age |
| 11:51 | Research | Castle Age |
| 12:00 | Research | Double-Bit Axe |
| 12:14 | Research | Horse Collar |
| 12:38 | Research | Gold Mining |
| 13:06 | Create | Villager (Male) |
| 13:06 | Create | Villager (Male) |
| 13:13 | Build | Blacksmith |
| 13:26 | Build | Farm |
| 13:27 | Research | Loom |
| 13:30 | Create | Villager (Male) |
| 13:40 | Build | House |
| 14:02 | Research | Scale Barding Armor |
| 14:13 | Build | House |
| 14:16 | Age | Castle Age |
| 14:17 | Build | Farm |
| 14:20 | Build | Farm |
| 14:22 | Create | Knight |
| 14:23 | Create | Knight |
| 14:33 | Create | Villager (Male) |
| 15:01 | Build | Monastery |
| 15:14 | Build | Monastery |
| 15:19 | Create | Villager (Male) |
| 15:34 | Build | Farm |
| 15:37 | Research | Bloodlines |
| 15:46 | Create | Villager (Male) |
| 15:55 | Build | Farm |
| 16:07 | Create | Monk |
| 16:14 | Build | Farm |
| 16:19 | Build | Farm |
| 16:20 | Create | Villager (Male) |
| 16:37 | Build | Farm |
| 16:52 | Create | Villager (Male) |
| 17:08 | Create | Villager (Male) |
| 17:13 | Build | Farm |
| 17:24 | Create | Villager (Male) |
| 17:28 | Build | Farm |
| 17:31 | Build | Farm |
| 17:51 | Create | Villager (Male) |
| 17:52 | Create | Villager (Male) |
| 18:05 | Create | Villager (Male) |
| 18:13 | Build | Town Center |
| 18:24 | Build | Farm |
| 18:34 | Create | Villager (Male) |
| 18:41 | Build | Farm |
| 18:51 | Create | Monk |
| 19:07 | Build | Farm |
| 19:11 | Build | Farm |
| 19:14 | Create | Villager (Male) |
| 19:17 | Research | Chain Barding Armor |
| 19:39 | Create | Villager (Male) |
| 19:40 | Create | Villager (Male) |
| 19:50 | Build | Farm |
| 19:53 | Build | Farm |
| 20:12 | Create | Villager (Male) |
| 20:12 | Create | Villager (Male) |
| 20:17 | Build | Watch Tower |
| 20:20 | Research | Fletching |
| 20:31 | Build | Farm |
| 20:34 | Create | Villager (Male) |
| 20:34 | Create | Villager (Male) |
| 20:39 | Build | House |
| 20:40 | Build | House |
| 20:41 | Build | House |
| 20:47 | Create | Villager (Male) |
| 21:03 | Build | Farm |
| 21:04 | Research | Bow Saw |
| 21:11 | Build | House |
| 21:12 | Build | House |
| 21:26 | Create | Villager (Male) |
| 21:26 | Create | Villager (Male) |
| 21:26 | Create | Villager (Male) |
| 21:34 | Build | Farm |
| 21:35 | Build | Farm |
| 21:37 | Build | Farm |
| 21:38 | Build | Farm |
| 21:55 | Create | Knight |
| 21:56 | Create | Knight |
| 22:13 | Build | Stable |
| 22:16 | Create | Villager (Male) |
| 22:17 | Create | Villager (Male) |
| 22:20 | Create | Knight |
| 22:20 | Create | Knight |
| 22:28 | Build | Farm |
| 22:32 | Build | Farm |
| 22:35 | Create | Villager (Male) |
| 22:35 | Create | Villager (Male) |
| 22:49 | Build | Farm |
| 22:51 | Research | Heavy Plow |
| 22:52 | Create | Villager (Male) |
| 23:01 | Create | Villager (Male) |
| 23:08 | Create | Knight |
| 23:14 | Create | Villager (Male) |
| 23:14 | Create | Villager (Male) |
| 23:29 | Build | Mill |
| 23:39 | Create | Knight |
| 23:40 | Create | Knight |
| 23:41 | Create | Villager (Male) |
| 23:41 | Create | Villager (Male) |
| 23:45 | Build | Farm |
| 23:48 | Build | Farm |
| 24:06 | Build | Mining Camp |
| 24:13 | Build | Mining Camp |
| 24:15 | Create | Villager (Male) |
| 24:15 | Create | Villager (Male) |
| 24:16 | Create | Villager (Male) |
| 24:16 | Create | Villager (Male) |
| 24:19 | Create | Knight |
Build order — Mandrake
First 150 of 389 actions detected
| 0:01 | Create | Villager (Male) |
| 0:01 | Create | Villager (Male) |
| 0:05 | Build | House |
| 0:06 | Build | House |
| 0:12 | Create | Villager (Male) |
| 0:18 | Create | Villager (Male) |
| 1:36 | Create | Villager (Male) |
| 1:52 | Build | Lumber Camp |
| 2:06 | Create | Villager (Male) |
| 2:06 | Create | Villager (Male) |
| 2:52 | Create | Villager (Male) |
| 3:09 | Create | Villager (Male) |
| 3:32 | Create | Villager (Male) |
| 3:53 | Build | House |
| 3:57 | Create | Villager (Male) |
| 3:58 | Create | Villager (Male) |
| 3:58 | Create | Villager (Male) |
| 4:53 | Create | Villager (Male) |
| 5:16 | Create | Villager (Male) |
| 5:17 | Create | Villager (Male) |
| 5:34 | Build | Mining Camp |
| 6:05 | Create | Villager (Male) |
| 6:05 | Research | Loom |
| 6:55 | Research | Feudal Age |
| 7:16 | Build | Barracks |
| 7:29 | Build | House |
| 8:19 | Build | House |
| 8:23 | Build | House |
| 8:25 | Create | Villager (Male) |
| 8:55 | Create | Villager (Male) |
| 9:17 | Age | Feudal Age |
| 9:18 | Build | Archery Range |
| 9:21 | Build | Archery Range |
| 9:40 | Build | Blacksmith |
| 9:45 | Create | Villager (Male) |
| 10:01 | Build | House |
| 10:10 | Create | Villager (Male) |
| 10:15 | Create | Archer |
| 10:18 | Create | Archer |
| 10:29 | Create | Archer |
| 10:30 | Create | Archer |
| 10:45 | Build | House |
| 10:48 | Build | Palisade Wall |
| 10:52 | Create | Archer |
| 11:02 | Create | Villager (Male) |
| 11:18 | Research | Fletching |
| 11:22 | Create | Archer |
| 11:46 | Create | Archer |
| 11:57 | Create | Villager (Male) |
| 11:59 | Create | Archer |
| 12:13 | Build | Mill |
| 12:24 | Create | Archer |
| 12:24 | Create | Archer |
| 12:36 | Create | Archer |
| 12:51 | Create | Villager (Male) |
| 13:09 | Create | Archer |
| 13:10 | Create | Archer |
| 13:14 | Create | Archer |
| 13:24 | Build | House |
| 13:26 | Build | House |
| 13:26 | Create | Villager (Male) |
| 13:31 | Build | Farm |
| 13:32 | Build | Farm |
| 13:33 | Build | Farm |
| 13:34 | Build | Farm |
| 13:36 | Create | Archer |
| 13:46 | Create | Villager (Male) |
| 13:53 | Build | House |
| 13:57 | Create | Archer |
| 14:19 | Build | Palisade Gate |
| 14:24 | Build | House |
| 14:26 | Create | Archer |
| 14:35 | Build | House |
| 14:36 | Build | House |
| 14:37 | Create | Villager (Male) |
| 14:54 | Build | Mining Camp |
| 15:09 | Build | Farm |
| 15:19 | Create | Villager (Male) |
| 15:19 | Create | Archer |
| 15:20 | Create | Archer |
| 15:38 | Create | Villager (Male) |
| 15:39 | Create | Archer |
| 15:50 | Build | Market |
| 15:57 | Create | Villager (Male) |
| 16:26 | Create | Archer |
| 16:52 | Create | Villager (Male) |
| 16:54 | Create | Archer |
| 16:55 | Create | Archer |
| 16:58 | Build | House |
| 17:02 | Create | Archer |
| 17:17 | Create | Villager (Male) |
| 17:53 | Research | Padded Archer Armor |
| 18:30 | Research | Castle Age |
| 18:31 | Create | Archer |
| 18:31 | Create | Archer |
| 18:54 | Research | Double-Bit Axe |
| 19:08 | Create | Archer |
| 19:08 | Create | Archer |
| 19:08 | Create | Archer |
| 19:43 | Research | Horse Collar |
| 20:07 | Research | Gold Mining |
| 20:17 | Create | Archer |
| 20:17 | Create | Archer |
| 20:54 | Create | Archer |
| 20:55 | Create | Archer |
| 20:56 | Create | Villager (Male) |
| 21:10 | Age | Castle Age |
| 21:10 | Research | Crossbowman (upgrade) |
| 21:11 | Research | Crossbowman (upgrade) |
| 21:30 | Research | Bodkin Arrow |
| 21:30 | Research | Bodkin Arrow |
| 21:44 | Create | Archer |
| 21:45 | Create | Archer |
| 21:45 | Create | Archer |
| 22:00 | Create | Villager (Male) |
| 22:08 | Create | Archer |
| 22:09 | Create | Archer |
| 22:10 | Create | Villager (Male) |
| 22:23 | Build | Town Center |
| 22:33 | Create | Archer |
| 22:33 | Create | Archer |
| 22:34 | Create | Villager (Male) |
| 23:04 | Create | Villager (Male) |
| 23:12 | Build | House |
| 23:13 | Build | House |
| 23:13 | Build | House |
| 23:22 | Research | Wheelbarrow |
| 23:32 | Build | House |
| 23:37 | Create | Villager (Male) |
| 23:55 | Create | Villager (Male) |
| 23:55 | Create | Villager (Male) |
| 24:00 | Build | Farm |
| 24:03 | Build | Farm |
| 24:10 | Build | Lumber Camp |
| 24:20 | Build | House |
| 24:26 | Create | Villager (Male) |
| 24:35 | Build | Farm |
| 24:37 | Build | Farm |
| 25:04 | Create | Villager (Male) |
| 25:05 | Create | Villager (Male) |
| 25:08 | Build | House |
| 25:30 | Build | Town Center |
| 25:31 | Create | Villager (Male) |
| 25:36 | Create | Villager (Male) |
| 25:36 | Create | Villager (Male) |
| 25:42 | Build | House |
| 25:45 | Build | House |
| 25:46 | Build | House |
| 25:47 | Create | Villager (Male) |
| 26:02 | Create | Villager (Male) |
Build order — Scol1ng
First 150 of 394 actions detected
| 0:01 | Create | Villager (Male) |
| 0:02 | Create | Villager (Male) |
| 0:03 | Build | House |
| 0:04 | Build | House |
| 0:21 | Create | Villager (Male) |
| 0:49 | Create | Villager (Male) |
| 1:17 | Create | Villager (Male) |
| 1:45 | Build | Lumber Camp |
| 1:51 | Create | Villager (Male) |
| 2:17 | Create | Villager (Male) |
| 2:47 | Create | Villager (Male) |
| 3:15 | Create | Villager (Male) |
| 3:36 | Create | Villager (Male) |
| 3:45 | Build | House |
| 3:46 | Build | House |
| 3:52 | Create | Villager (Male) |
| 4:03 | Create | Villager (Male) |
| 4:33 | Create | Villager (Male) |
| 4:42 | Build | Palisade Wall |
| 4:52 | Create | Villager (Male) |
| 5:10 | Build | Palisade Wall |
| 5:13 | Build | Palisade Wall |
| 5:23 | Create | Villager (Male) |
| 5:36 | Build | Mill |
| 5:44 | Build | Palisade Wall |
| 6:11 | Create | Villager (Male) |
| 6:27 | Create | Villager (Male) |
| 6:39 | Build | Palisade Wall |
| 6:55 | Build | Farm |
| 6:57 | Create | Villager (Male) |
| 7:30 | Create | Villager (Male) |
| 7:47 | Build | Farm |
| 7:49 | Research | Loom |
| 7:50 | Research | Feudal Age |
| 8:17 | Build | Palisade Wall |
| 8:45 | Build | Mining Camp |
| 8:59 | Build | House |
| 9:01 | Build | House |
| 9:43 | Build | Mining Camp |
| 9:54 | Create | Villager (Male) |
| 10:16 | Build | House |
| 10:31 | Age | Feudal Age |
| 10:40 | Build | Stone Wall |
| 10:45 | Build | Stone Wall |
| 10:47 | Create | Villager (Male) |
| 10:49 | Research | Double-Bit Axe |
| 11:01 | Build | Stone Wall |
| 11:13 | Build | Stone Wall |
| 11:17 | Build | Stone Wall |
| 11:19 | Create | Villager (Male) |
| 11:25 | Build | Farm |
| 11:50 | Create | Villager (Male) |
| 12:00 | Build | Watch Tower |
| 12:13 | Build | Watch Tower |
| 12:13 | Create | Villager (Male) |
| 12:34 | Create | Villager (Male) |
| 12:36 | Build | Farm |
| 12:38 | Create | Villager (Male) |
| 13:05 | Build | House |
| 13:17 | Create | Villager (Male) |
| 13:37 | Build | Watch Tower |
| 13:48 | Create | Villager (Male) |
| 13:50 | Build | Farm |
| 13:59 | Build | Stone Wall |
| 14:09 | Build | Mill |
| 14:11 | Build | Farm |
| 14:19 | Create | Villager (Male) |
| 14:27 | Build | Farm |
| 14:31 | Create | Villager (Male) |
| 14:51 | Create | Villager (Male) |
| 14:52 | Research | Horse Collar |
| 14:59 | Build | Stone Wall |
| 15:00 | Build | Stone Wall |
| 15:07 | Build | Farm |
| 15:17 | Build | Farm |
| 15:21 | Create | Villager (Male) |
| 15:40 | Create | Villager (Male) |
| 15:48 | Build | Blacksmith |
| 15:53 | Create | Villager (Male) |
| 15:59 | Build | Farm |
| 16:06 | Create | Villager (Male) |
| 16:41 | Build | Watch Tower |
| 16:52 | Create | Villager (Male) |
| 16:56 | Build | House |
| 16:57 | Build | House |
| 17:06 | Research | Fletching |
| 17:09 | Create | Villager (Male) |
| 17:20 | Build | Market |
| 17:31 | Create | Villager (Male) |
| 17:55 | Create | Villager (Male) |
| 18:12 | Build | Farm |
| 18:14 | Research | Castle Age |
| 18:19 | Build | House |
| 18:21 | Build | House |
| 19:00 | Create | Villager (Male) |
| 19:04 | Build | Barracks |
| 19:22 | Research | Gold Mining |
| 19:46 | Build | House |
| 19:58 | Build | Mill |
| 20:14 | Build | House |
| 20:24 | Build | Stone Wall |
| 20:27 | Build | Stone Wall |
| 20:29 | Build | Stone Wall |
| 20:43 | Build | Archery Range |
| 20:54 | Age | Castle Age |
| 20:55 | Research | Bow Saw |
| 20:55 | Research | Bow Saw |
| 20:58 | Create | Villager (Male) |
| 21:06 | Research | Heavy Plow |
| 21:29 | Build | Siege Workshop |
| 21:31 | Create | Villager (Male) |
| 21:32 | Create | Villager (Male) |
| 21:54 | Create | Villager (Male) |
| 22:15 | Create | Villager (Male) |
| 22:27 | Create | Villager (Male) |
| 22:43 | Build | Town Center |
| 22:45 | Create | Villager (Male) |
| 22:48 | Build | Farm |
| 22:59 | Research | Bodkin Arrow |
| 23:04 | Create | Villager (Male) |
| 23:12 | Build | Stone Wall |
| 23:29 | Build | Farm |
| 23:40 | Create | Villager (Male) |
| 23:51 | Build | Lumber Camp |
| 24:00 | Create | Villager (Male) |
| 24:05 | Create | Villager (Male) |
| 24:06 | Research | Town Watch |
| 24:07 | Research | Wheelbarrow |
| 24:19 | Create | Villager (Male) |
| 24:33 | Build | Farm |
| 24:36 | Build | Farm |
| 24:44 | Create | Villager (Male) |
| 24:59 | Build | Archery Range |
| 25:12 | Create | Mangonel |
| 25:14 | Create | Villager (Male) |
| 25:27 | Build | Mill |
| 25:33 | Create | Villager (Male) |
| 25:37 | Build | House |
| 25:37 | Build | House |
| 25:41 | Research | Padded Archer Armor |
| 25:49 | Build | University |
| 25:53 | Create | Villager (Male) |
| 26:11 | Build | Archery Range |
| 26:14 | Create | Villager (Male) |
| 26:15 | Create | Villager (Male) |
| 26:25 | Build | House |
| 26:26 | Build | House |
| 26:36 | Create | Villager (Male) |
| 26:42 | Build | Farm |
| 26:44 | Build | Farm |
Build order — MLT | Anna Flank
First 150 of 472 actions detected
| 0:01 | Create | Villager (Male) |
| 0:01 | Create | Villager (Male) |
| 0:02 | Create | Villager (Male) |
| 0:02 | Build | House |
| 0:03 | Build | House |
| 0:14 | Create | Villager (Male) |
| 1:29 | Create | Villager (Male) |
| 1:48 | Build | Lumber Camp |
| 1:53 | Create | Villager (Male) |
| 2:19 | Create | Villager (Male) |
| 2:50 | Create | Villager (Male) |
| 3:04 | Create | Villager (Male) |
| 3:43 | Create | Villager (Male) |
| 3:52 | Build | House |
| 3:53 | Build | House |
| 4:00 | Create | Villager (Male) |
| 4:19 | Build | Mill |
| 4:20 | Create | Villager (Male) |
| 4:50 | Create | Villager (Male) |
| 5:11 | Create | Villager (Male) |
| 5:27 | Create | Villager (Male) |
| 5:57 | Create | Villager (Male) |
| 6:03 | Build | Farm |
| 6:06 | Build | Farm |
| 6:22 | Build | Farm |
| 6:27 | Create | Villager (Male) |
| 6:27 | Create | Villager (Male) |
| 6:36 | Create | Villager (Male) |
| 6:44 | Create | Villager (Male) |
| 6:47 | Build | Farm |
| 6:54 | Create | Villager (Male) |
| 7:27 | Create | Villager (Male) |
| 8:06 | Build | House |
| 8:26 | Build | Mining Camp |
| 8:46 | Research | Feudal Age |
| 8:51 | Build | Mining Camp |
| 9:07 | Create | Villager (Male) |
| 9:07 | Create | Villager (Male) |
| 11:21 | Age | Feudal Age |
| 11:25 | Build | Market |
| 11:26 | Build | Blacksmith |
| 11:58 | Research | Double-Bit Axe |
| 12:13 | Research | Castle Age |
| 12:26 | Research | Horse Collar |
| 13:21 | Create | Villager (Male) |
| 13:26 | Build | House |
| 14:53 | Age | Castle Age |
| 15:07 | Create | Villager (Male) |
| 15:33 | Build | Farm |
| 15:35 | Research | Heavy Plow |
| 15:36 | Research | Bow Saw |
| 15:37 | Create | Villager (Male) |
| 15:47 | Build | Castle |
| 15:56 | Build | Palisade Wall |
| 16:07 | Build | Farm |
| 16:08 | Create | Villager (Male) |
| 16:09 | Build | Farm |
| 16:10 | Build | Farm |
| 16:11 | Build | Farm |
| 16:12 | Create | Villager (Male) |
| 16:13 | Build | Farm |
| 16:14 | Build | Farm |
| 16:16 | Create | Villager (Male) |
| 16:20 | Build | Farm |
| 16:36 | Build | Farm |
| 16:48 | Create | Conquistador |
| 16:58 | Build | Monastery |
| 17:05 | Create | Villager (Male) |
| 17:07 | Build | Lumber Camp |
| 17:14 | Create | Conquistador |
| 17:26 | Build | Farm |
| 17:29 | Create | Conquistador |
| 17:36 | Create | Monk |
| 17:40 | Create | Villager (Male) |
| 17:57 | Create | Villager (Male) |
| 18:00 | Build | House |
| 18:02 | Build | Palisade Wall |
| 18:10 | Create | Villager (Male) |
| 18:25 | Create | Conquistador |
| 18:32 | Create | Villager (Male) |
| 18:41 | Build | Farm |
| 18:50 | Build | Town Center |
| 18:52 | Create | Conquistador |
| 19:11 | Create | Villager (Male) |
| 19:12 | Build | Farm |
| 19:20 | Create | Villager (Male) |
| 19:27 | Create | Conquistador |
| 19:30 | Create | Villager (Male) |
| 19:32 | Build | Farm |
| 19:40 | Build | Mining Camp |
| 20:01 | Create | Villager (Male) |
| 20:03 | Create | Conquistador |
| 20:10 | Build | Farm |
| 20:12 | Build | Farm |
| 20:22 | Create | Villager (Male) |
| 20:28 | Create | Villager (Male) |
| 20:30 | Create | Villager (Male) |
| 20:33 | Create | Conquistador |
| 20:42 | Build | Farm |
| 20:43 | Build | Farm |
| 20:45 | Build | Farm |
| 20:46 | Build | Farm |
| 20:49 | Create | Monk |
| 20:54 | Create | Villager (Male) |
| 20:54 | Create | Villager (Male) |
| 20:59 | Create | Villager (Male) |
| 20:59 | Create | Villager (Male) |
| 21:11 | Create | Villager (Male) |
| 21:11 | Create | Villager (Male) |
| 21:24 | Create | Villager (Male) |
| 21:29 | Create | Conquistador |
| 21:31 | Create | Villager (Male) |
| 21:33 | Build | Town Center |
| 21:37 | Create | Villager (Male) |
| 21:38 | Create | Villager (Male) |
| 21:49 | Create | Conquistador |
| 21:59 | Build | House |
| 22:06 | Create | Conquistador |
| 22:18 | Research | Wheelbarrow |
| 22:20 | Create | Villager (Male) |
| 22:23 | Build | House |
| 22:23 | Build | House |
| 22:23 | Build | House |
| 22:23 | Build | House |
| 22:23 | Build | House |
| 22:30 | Create | Conquistador |
| 22:41 | Create | Villager (Male) |
| 22:47 | Create | Villager (Male) |
| 22:48 | Build | Lumber Camp |
| 22:49 | Build | Farm |
| 22:51 | Create | Villager (Male) |
| 22:53 | Build | Farm |
| 22:56 | Build | Farm |
| 23:00 | Build | Farm |
| 23:01 | Build | Farm |
| 23:05 | Create | Conquistador |
| 23:25 | Build | Farm |
| 23:26 | Build | Farm |
| 23:28 | Create | Villager (Male) |
| 23:28 | Create | Villager (Male) |
| 23:29 | Create | Villager (Male) |
| 23:35 | Build | Farm |
| 23:37 | Build | Farm |
| 23:41 | Create | Conquistador |
| 23:41 | Create | Conquistador |
| 23:46 | Create | Villager (Male) |
| 23:58 | Build | Farm |
| 23:59 | Build | Farm |
| 24:00 | Create | Villager (Male) |
| 24:01 | Create | Villager (Male) |
Build order — Melo
First 150 of 505 actions detected
| 0:00 | Create | Villager (Male) ×4 |
| 0:02 | Build | House |
| 0:03 | Build | House |
| 1:23 | Create | Villager (Male) |
| 1:48 | Create | Villager (Male) |
| 2:08 | Build | Lumber Camp |
| 2:17 | Create | Villager (Male) |
| 2:48 | Create | Villager (Male) |
| 2:50 | Create | Villager (Male) |
| 2:50 | Create | Villager (Male) |
| 3:31 | Create | Villager (Male) |
| 3:47 | Build | House |
| 3:54 | Create | Villager (Male) |
| 4:12 | Create | Villager (Male) |
| 4:17 | Build | House |
| 4:41 | Build | Palisade Wall |
| 4:43 | Build | Palisade Wall |
| 4:57 | Build | House |
| 5:04 | Create | Villager (Male) |
| 5:05 | Create | Villager (Male) |
| 5:10 | Create | Villager (Male) |
| 5:43 | Create | Villager (Male) |
| 6:35 | Create | Villager (Male) |
| 6:48 | Create | Villager (Male) |
| 7:12 | Build | Mill |
| 7:21 | Build | Lumber Camp |
| 7:38 | Create | Villager (Male) |
| 8:06 | Create | Villager (Male) |
| 8:08 | Build | Farm |
| 8:23 | Create | Villager (Male) |
| 8:27 | Create | Villager (Male) |
| 8:45 | Research | Loom |
| 9:14 | Build | Barracks |
| 9:17 | Research | Feudal Age |
| 9:32 | Build | Palisade Wall |
| 9:37 | Build | Palisade Wall |
| 9:39 | Build | Palisade Wall |
| 9:40 | Build | Palisade Wall |
| 10:37 | Create | Villager (Male) |
| 11:03 | Build | Mining Camp |
| 11:16 | Create | Villager (Male) |
| 11:31 | Age | Feudal Age |
| 11:35 | Build | Market |
| 11:37 | Create | Villager (Male) |
| 11:51 | Build | Blacksmith |
| 11:54 | Build | House |
| 11:55 | Build | Palisade Wall |
| 11:56 | Create | Villager (Male) |
| 12:26 | Build | House |
| 12:46 | Research | Castle Age |
| 13:48 | Research | Double-Bit Axe |
| 13:49 | Research | Double-Bit Axe |
| 13:49 | Research | Horse Collar |
| 13:49 | Research | Horse Collar |
| 15:26 | Age | Castle Age |
| 15:27 | Build | Town Center |
| 15:34 | Build | Town Center |
| 15:36 | Create | Villager (Male) |
| 15:40 | Create | Villager (Male) |
| 15:49 | Research | Bow Saw |
| 15:50 | Create | Villager (Male) |
| 16:19 | Research | Horse Collar |
| 16:21 | Build | Farm |
| 16:27 | Create | Villager (Male) |
| 16:39 | Create | Villager (Male) |
| 16:43 | Build | Farm |
| 16:44 | Create | Villager (Male) |
| 16:46 | Build | Farm |
| 16:48 | Build | Farm |
| 17:03 | Build | Farm |
| 17:05 | Build | Farm |
| 17:09 | Build | Farm |
| 17:18 | Create | Villager (Male) |
| 17:20 | Create | Villager (Male) |
| 17:20 | Create | Villager (Male) |
| 17:28 | Build | Farm |
| 17:41 | Create | Villager (Male) |
| 17:43 | Create | Villager (Male) |
| 17:45 | Build | Farm |
| 17:46 | Build | Farm |
| 17:49 | Build | Farm |
| 18:01 | Build | Farm |
| 18:03 | Create | Villager (Male) |
| 18:06 | Build | Farm |
| 18:08 | Create | Villager (Male) |
| 18:12 | Create | Villager (Male) |
| 18:19 | Build | Farm |
| 18:23 | Build | Farm |
| 18:32 | Create | Villager (Male) |
| 18:35 | Create | Villager (Male) |
| 18:37 | Build | Farm |
| 18:44 | Build | Farm |
| 18:45 | Build | Farm |
| 18:48 | Create | Villager (Male) |
| 18:58 | Create | Villager (Male) |
| 18:59 | Create | Villager (Male) |
| 18:59 | Create | Villager (Male) |
| 19:01 | Build | Farm |
| 19:01 | Create | Villager (Male) |
| 19:08 | Create | Villager (Male) |
| 19:18 | Create | Villager (Male) |
| 19:34 | Create | Villager (Male) |
| 19:40 | Create | Villager (Male) |
| 19:45 | Build | Farm |
| 19:45 | Build | Farm |
| 19:47 | Build | Farm |
| 19:49 | Create | Villager (Male) |
| 19:51 | Build | Farm |
| 19:53 | Build | House |
| 19:58 | Build | Farm |
| 20:12 | Create | Villager (Male) |
| 20:12 | Create | Villager (Male) |
| 20:15 | Research | Town Watch |
| 20:16 | Research | Wheelbarrow |
| 20:24 | Create | Villager (Male) |
| 20:27 | Build | Farm |
| 20:32 | Build | Lumber Camp |
| 20:36 | Build | Farm |
| 20:39 | Create | Villager (Male) |
| 20:40 | Create | Villager (Male) |
| 20:40 | Create | Villager (Male) |
| 20:53 | Create | Villager (Male) |
| 20:54 | Create | Villager (Male) |
| 20:57 | Create | Villager (Male) |
| 21:01 | Build | Outpost |
| 21:03 | Build | Outpost |
| 21:05 | Create | Villager (Male) |
| 21:08 | Build | House |
| 21:14 | Build | House |
| 21:15 | Build | House |
| 21:15 | Build | House |
| 21:15 | Build | House |
| 21:16 | Build | House |
| 21:16 | Build | House |
| 21:16 | Build | House |
| 21:18 | Create | Villager (Male) |
| 21:20 | Build | House |
| 21:21 | Build | House |
| 21:21 | Build | House |
| 21:21 | Build | House |
| 21:24 | Build | House |
| 21:31 | Create | Villager (Male) |
| 22:02 | Create | Villager (Male) |
| 22:05 | Create | Villager (Male) |
| 22:14 | Build | Mill |
| 22:15 | Create | Villager (Male) |
| 22:22 | Build | University |
| 22:28 | Build | Siege Workshop |
| 22:32 | Create | Villager (Male) |
| 22:41 | Build | Farm |
Build order — IchbinGroo7
First 150 of 390 actions detected
| 0:00 | Create | Villager (Male) |
| 0:03 | Build | House |
| 0:04 | Build | House |
| 0:06 | Create | Villager (Male) |
| 0:06 | Create | Villager (Male) |
| 0:07 | Create | Villager (Male) |
| 0:07 | Create | Villager (Male) |
| 1:27 | Create | Villager (Male) |
| 1:45 | Build | Lumber Camp |
| 1:49 | Create | Villager (Male) |
| 2:17 | Create | Villager (Male) |
| 2:37 | Create | Villager (Male) |
| 2:57 | Create | Villager (Male) |
| 3:25 | Create | Villager (Male) |
| 3:35 | Build | House |
| 3:50 | Create | Villager (Male) |
| 3:50 | Create | Villager (Male) |
| 4:22 | Create | Villager (Male) |
| 4:32 | Build | Mill |
| 4:38 | Create | Villager (Male) |
| 4:39 | Create | Villager (Male) |
| 5:28 | Research | Loom |
| 6:16 | Research | Feudal Age |
| 6:44 | Create | Villager (Male) |
| 7:07 | Build | House |
| 7:43 | Create | Villager (Male) |
| 8:04 | Create | Villager (Male) |
| 8:04 | Create | Villager (Male) |
| 8:26 | Age | Feudal Age |
| 8:32 | Build | Stone Wall |
| 8:47 | Create | Villager (Male) |
| 8:49 | Research | Double-Bit Axe |
| 8:50 | Research | Horse Collar |
| 9:12 | Build | Stone Wall |
| 9:16 | Build | Stone Wall |
| 9:20 | Build | Stone Wall |
| 9:27 | Create | Villager (Male) |
| 9:44 | Build | Farm |
| 9:45 | Create | Villager (Male) |
| 9:53 | Build | Farm |
| 10:03 | Build | House |
| 10:05 | Create | Villager (Male) |
| 10:06 | Build | Farm |
| 10:08 | Create | Villager (Male) |
| 10:20 | Build | Farm |
| 10:21 | Build | Farm |
| 10:22 | Create | Villager (Male) |
| 10:28 | Build | House |
| 10:33 | Build | Farm |
| 10:34 | Create | Villager (Male) |
| 10:36 | Build | Farm |
| 11:19 | Build | Mining Camp |
| 11:23 | Create | Villager (Male) |
| 11:33 | Build | Farm |
| 12:00 | Build | Farm |
| 12:11 | Build | Farm |
| 13:07 | Build | Market |
| 13:14 | Create | Villager (Male) |
| 13:25 | Build | House |
| 13:38 | Create | Villager (Male) |
| 13:46 | Build | Blacksmith |
| 14:25 | Research | Castle Age |
| 14:48 | Create | Villager (Male) |
| 14:48 | Create | Villager (Male) |
| 14:51 | Build | Barracks |
| 14:57 | Research | Gold Mining |
| 15:14 | Build | House |
| 15:18 | Build | House |
| 15:24 | Research | Fletching |
| 15:24 | Research | Fletching |
| 15:50 | Build | Archery Range |
| 17:05 | Age | Castle Age |
| 17:08 | Build | Town Center |
| 17:21 | Research | Bow Saw |
| 17:22 | Research | Heavy Plow |
| 17:40 | Create | Villager (Male) |
| 17:51 | Research | Crossbowman (upgrade) |
| 17:54 | Build | Archery Range |
| 17:56 | Create | Villager (Male) |
| 18:19 | Build | House |
| 18:19 | Build | House |
| 18:25 | Create | Archer |
| 18:29 | Create | Villager (Male) |
| 18:32 | Build | Farm |
| 18:34 | Build | Farm |
| 18:35 | Create | Villager (Male) |
| 18:36 | Build | Farm |
| 18:39 | Build | Farm |
| 18:41 | Create | Archer |
| 18:41 | Create | Archer |
| 18:45 | Create | Villager (Male) |
| 18:47 | Create | Villager (Male) |
| 18:56 | Build | House |
| 18:59 | Build | Farm |
| 19:01 | Build | Farm |
| 19:08 | Create | Archer |
| 19:12 | Create | Villager (Male) |
| 19:23 | Create | Archer |
| 19:24 | Create | Archer |
| 19:37 | Build | Farm |
| 19:38 | Create | Villager (Male) |
| 19:39 | Create | Villager (Male) |
| 19:40 | Create | Archer |
| 19:45 | Create | Villager (Male) |
| 20:04 | Create | Archer |
| 20:05 | Create | Villager (Male) |
| 20:06 | Create | Villager (Male) |
| 20:22 | Build | Town Center |
| 20:24 | Create | Villager (Male) |
| 20:25 | Create | Villager (Male) |
| 20:33 | Create | Archer |
| 20:36 | Create | Villager (Male) |
| 20:38 | Build | Farm |
| 20:41 | Build | Farm |
| 20:42 | Create | Villager (Male) |
| 20:46 | Build | Farm |
| 20:47 | Create | Archer |
| 20:54 | Create | Archer |
| 21:01 | Build | Lumber Camp |
| 21:02 | Create | Archer |
| 21:09 | Create | Villager (Male) |
| 21:12 | Build | House |
| 21:13 | Build | House |
| 21:13 | Build | House |
| 21:28 | Create | Villager (Male) |
| 21:29 | Create | Villager (Male) |
| 21:31 | Create | Archer |
| 21:56 | Research | Bodkin Arrow |
| 21:56 | Research | Bodkin Arrow |
| 22:01 | Build | University |
| 22:06 | Create | Archer |
| 22:07 | Create | Archer |
| 22:19 | Build | Farm |
| 22:22 | Build | Farm |
| 22:23 | Create | Archer |
| 22:30 | Create | Villager (Male) |
| 22:32 | Research | Wheelbarrow |
| 22:34 | Create | Archer |
| 22:39 | Build | Farm |
| 22:41 | Build | Farm |
| 22:51 | Create | Archer |
| 22:57 | Create | Archer |
| 23:00 | Create | Villager (Male) |
| 23:03 | Create | Villager (Male) |
| 23:04 | Create | Archer |
| 23:08 | Research | Padded Archer Armor |
| 23:08 | Research | Padded Archer Armor |
| 23:11 | Build | Farm |
| 23:12 | Create | Villager (Male) |
| 23:12 | Create | Villager (Male) |
Match timeline
| 4:41 | Melo · wall_segment Palisade Wall x13 |
| 4:42 | Scol1ng · wall_segment Palisade Wall x8 |
| 4:43 | Melo · wall_segment Palisade Wall x9 |
| 5:10 | Scol1ng · wall_segment Palisade Wall x1 |
| 5:13 | Scol1ng · wall_segment Palisade Wall x2 |
| 5:44 | Scol1ng · wall_segment Palisade Wall x8 |
| 6:39 | Scol1ng · wall_segment Palisade Wall x1 |
| 7:16 | Mandrake · first_building Barracks |
| 8:17 | Scol1ng · wall_segment Palisade Wall x8 |
| 8:26 | IchbinGroo7 · age_up feudal |
| 8:32 | IchbinGroo7 · wall_segment Stone Wall x21 |
| 9:02 | SvenVonE ツ · first_building Barracks |
| 9:12 | IchbinGroo7 · wall_segment Stone Wall x1 |
| 9:14 | Melo · first_building Barracks |
| 9:16 | IchbinGroo7 · wall_segment Stone Wall x1 |
| 9:17 | Mandrake · age_up feudal |
| 9:18 | Mandrake · first_building Archery Range |
| 9:20 | IchbinGroo7 · wall_segment Stone Wall x1 |
| 9:32 | Melo · wall_segment Palisade Wall x10 |
| 9:37 | Melo · wall_segment Palisade Wall x1 |
| 9:39 | Melo · wall_segment Palisade Wall x8 |
| 9:40 | Melo · wall_segment Palisade Wall x1 |
| 10:31 | Scol1ng · age_up feudal |
| 10:40 | Scol1ng · wall_segment Stone Wall x8 |
| 10:45 | Scol1ng · wall_segment Stone Wall x5 |
| 10:48 | SvenVonE ツ · age_up feudal |
| 10:48 | Mandrake · wall_segment Palisade Wall x8 |
| 11:01 | Scol1ng · wall_segment Stone Wall x8 |
| 11:05 | SvenVonE ツ · first_building Stable |
| 11:13 | Scol1ng · wall_segment Stone Wall x1 |
| 11:17 | Scol1ng · wall_segment Stone Wall x3 |
| 11:21 | MLT | Anna Flank · age_up feudal |
| 11:31 | Melo · age_up feudal |
| 11:55 | Melo · wall_segment Palisade Wall x1 |
| 12:45 | Melo · first_market_sell 100 wood |
| 13:59 | Scol1ng · wall_segment Stone Wall x1 |
| 14:16 | SvenVonE ツ · age_up castle |
| 14:51 | IchbinGroo7 · first_building Barracks |
| 14:53 | MLT | Anna Flank · age_up castle |
| 14:59 | Scol1ng · wall_segment Stone Wall x3 |
| 15:00 | Scol1ng · wall_segment Stone Wall x3 |
| 15:01 | SvenVonE ツ · first_building Monastery |
| 15:26 | Melo · age_up castle |
| 15:32 | SvenVonE ツ · first_market_buy 100 wood |
| 15:46 | Melo · first_market_buy 100 food |
| 15:47 | MLT | Anna Flank · first_building Castle |
| 15:50 | IchbinGroo7 · first_building Archery Range |
| 15:56 | MLT | Anna Flank · wall_segment Palisade Wall x2 |
| 16:58 | MLT | Anna Flank · first_building Monastery |
| 17:05 | IchbinGroo7 · age_up castle |
| 17:13 | Mandrake · first_market_sell 100 wood |
| 17:15 | Mandrake · first_market_buy 100 food |
| 17:38 | IchbinGroo7 · first_market_buy 100 stone |
| 18:02 | MLT | Anna Flank · wall_segment Palisade Wall x1 |
| 19:04 | Scol1ng · first_building Barracks |
| 20:24 | Scol1ng · wall_segment Stone Wall x12 |
| 20:27 | Scol1ng · wall_segment Stone Wall x10 |
| 20:29 | Scol1ng · wall_segment Stone Wall x8 |
| 20:43 | Scol1ng · first_building Archery Range |
| 20:54 | Scol1ng · age_up castle |
| 21:05 | Scol1ng · first_market_buy 100 wood |
| 21:10 | Mandrake · age_up castle |
| 21:25 | Scol1ng · first_market_sell 100 food |
| 21:29 | Scol1ng · first_building Siege Workshop |
| 21:29 | MLT | Anna Flank · first_market_buy 100 food |
| 22:28 | Melo · first_building Siege Workshop |
| 23:12 | Scol1ng · wall_segment Stone Wall x5 |
| 24:17 | Melo · first_building Archery Range |
| 25:14 | MLT | Anna Flank · first_building Barracks |
| 25:44 | IchbinGroo7 · first_market_sell 100 wood |
| 26:21 | MLT | Anna Flank · first_building Stable |
| 26:49 | Melo · first_building Castle |
| 27:05 | Melo · age_up imperial |
| 27:46 | IchbinGroo7 · first_building Monastery |
| 28:06 | Scol1ng · first_building Castle |
| 29:05 | SvenVonE ツ · first_building Siege Workshop |
| 30:29 | Melo · first_building Stable |
| 31:06 | Mandrake · first_building Castle |
| 31:42 | IchbinGroo7 · first_building Siege Workshop |
| 32:15 | SvenVonE ツ · age_up imperial |
| 32:49 | IchbinGroo7 · age_up imperial |
| 33:23 | Scol1ng · age_up imperial |
| 33:33 | SvenVonE ツ · first_building Castle |
| 34:11 | Mandrake · wall_segment Stone Wall x28 |
| 34:24 | MLT | Anna Flank · age_up imperial |
| 34:26 | MLT | Anna Flank · first_building Siege Workshop |
| 34:43 | Mandrake · first_building Siege Workshop |
| 35:38 | Mandrake · age_up imperial |
| 36:44 | Scol1ng · first_building Monastery |
| 37:50 | MLT | Anna Flank · first_market_sell 100 food |
| 39:54 | IchbinGroo7 · first_building Castle |
| 40:43 | SvenVonE ツ · first_market_sell 500 wood |
| 41:32 | Mandrake · wall_segment Stone Wall x1 |
| 41:34 | Mandrake · wall_segment Stone Wall x1 |
| 41:35 | Mandrake · wall_segment Stone Wall x1 |
| 42:37 | Scol1ng · resign |
[ AI ANALYSIS · 1 CREDIT ]
What really happened in this match?
Wolo.gg analyzes every decision: build order, eco, micro, common mistakes by bracket. Personalized analysis on WhatsApp or Discord in 30 seconds.
Civ guide
Persians
Perfil
Jugador #952946